 Dungeon Crawl Stone Soup version 0.24.0-41-g2ae2f7f1be (webtiles) character file.

Game seed: 4038817592731897299, levelgen mode: deterministic

783 Almogavar the Covered (level 7, -9/61 HPs)
             Began as a Minotaur Fighter on Dec 15, 2019.
             Was an Initiate of Okawaru.
             Engulfed by a cloud of freezing vapour (13 damage)
             ... on level 5 of the Dungeon.
             The game lasted 00:18:27 (5540 turns).

Almogavar the Covered (Minotaur Fighter)            Turns: 5540, Time: 00:18:27

Health: -9/61      AC: 12    Str: 22    XL:     7   Next: 55%
Magic:  15/15      EV:  7    Int:  5    God:    Okawaru [......]
Gold:   246        SH: 10    Dex: 10    Spells: 6/6 levels left

rFire    x . .     SeeInvis .   e - +0 whip (pain)
rCold    + . .     Gourm    .   c - +0 shield
rNeg     . . .     Faith    .   w - +0 chain mail
rPois    .         Spirit   .   (helmet restricted)
rElec    .         Reflect  .   (no cloak)
rCorr    .         Harm     .   (no gloves)
MR       .....                  x - +1 pair of boots
Stlth    ..........             (no amulet)
HPRegen  0.20/turn              r - ring of ice
MPRegen  0.14/turn              n - ring of magical power

@: no status effects
A: retaliatory headbutt, horns 2
a: Renounce Religion


You were on level 5 of the Dungeon.
You worshipped Okawaru.
Okawaru was noncommittal.
You were not hungry.

You visited 2 branches of the dungeon, and saw 6 of its levels.
You also visited: Sewer.

You collected 246 gold pieces.

Inventory:

Hand Weapons
 e - a +0 whip of pain (weapon)
Missiles
 y - 8 bolts
Armour
 c - a +0 shield (worn)
 w - a +0 chain mail (worn)
 x - a +1 pair of boots (worn)
Jewellery
 n - a ring of magical power (right hand)
 r - a ring of ice (left hand)
Scrolls
 d - 2 scrolls of enchant weapon {unknown}
 k - 2 scrolls of amnesia
 l - a scroll of random uselessness {unknown}
 o - 2 scrolls of fog {unknown}
 q - 2 scrolls of fear
 s - a scroll of teleportation
 t - 2 scrolls of remove curse
 u - a scroll of enchant armour {unknown}
Potions
 a - 2 potions of heal wounds
 g - 2 potions of haste
 h - 2 potions of invisibility
 i - a potion of lignification {unknown}
 j - 3 potions of flight
 m - a potion of mutation
 p - a potion of brilliance {unknown}
 v - a potion of degeneration {unknown}
Comestibles
 f - 7 rations


   Skills:
 + Level 5.3 Fighting
 + Level 5.7 Maces & Flails
 + Level 6.3 Armour
 + Level 2.2 Dodging
 + Level 6.1 Shields


You had 6 spell levels left.
You didn't know any spells.
Your spell library was empty.

Dungeon Overview and Level Annotations

Branches:
Dungeon (5/15)             Temple (1/1) D:4           Sewer (visited)

Altars:
Ashenzari
Cheibriados
Dithmenos
Elyvilon
Fedhas
Gozag
Hepliaklqana
Kikubaaqudgha
Makhleb
Nemelex Xobeh
Okawaru
Qazlal
Sif Muna
Trog
Uskayaw
Vehumet
Wu Jian
Xom
Yredelemnul
Zin
The Shining One

Shops:
D:4 [   D:5 [


Innate Abilities, Weirdness & Mutations

You reflexively headbutt those who attack you in melee.
You have a pair of horns on your head.


Message History

Really walk into a travel-excluded area?
There is an open door here.
You are engulfed in freezing vapours.
You resist.
You are engulfed in freezing vapours.
You resist.
You are engulfed in freezing vapours.
You resist.
You are engulfed in freezing vapours.
You resist.
You are engulfed in freezing vapours.
You resist.
You are engulfed in freezing vapours.
You resist.
You are engulfed in freezing vapours.
You resist.
* * * LOW HITPOINT WARNING * * *
You are engulfed in freezing vapours.
You resist.
* * * LOW HITPOINT WARNING * * *
You are engulfed in freezing vapours.
You resist.
* * * LOW HITPOINT WARNING * * *
You start resting.
You are engulfed in freezing vapours.
You resist.
* * * LOW HITPOINT WARNING * * *
You start resting.
You are engulfed in freezing vapours.
You resist.
You die...

#...#..............##.....
#..................##.....
#...................#.....
#...................#.....
#.....#####.........#.....
#.....#☼☼.#.........#...#'
#.....#☼#§#.........#...+∩
#.....#☼#§#......####...#+
#######☼#@#...............
##☼#§#...............
##☼#§#...............
##☼#§#...............
##☼#§###.............
##§#§###............#
##§#☼###............#
##§#☼###.............
##§#.###.............


There were no monsters in sight!

Vanquished Creatures
  A crocodile (Sewer)
  A scorpion (D:4)
  2 water moccasin skeletons
  A jelly (D:5)
  4 orc priests
  A hound (D:5)
  3 orc wizards
  4 worker ants
  A hound skeleton (D:4)
  A worker ant zombie (D:5)
  5 adders
  2 oozes
  2 adder zombies (D:5)
  3 worms
  3 dart slugs
  6 leopard geckos
  10 orcs
  2 giant cockroaches
  8 hobgoblins
  8 jackals
  2 quokkas
  4 ball pythons
  7 bats
  9 frilled lizards
  14 goblins
  12 kobolds
  11 rats
127 creatures vanquished.

Notes
Turn   | Place    | Note
-------+----------+-------------------------------------------
     0 | D:1      | Almogavar the Minotaur Fighter began the quest for the Orb.
     0 | D:1      | Reached XP level 1. HP: 19/19 MP: 0/0
   107 | D:1      | Reached XP level 2. HP: 27/27 MP: 1/1
   719 | D:1      | Reached XP level 3. HP: 33/33 MP: 2/2
  1503 | D:2      | Reached XP level 4. HP: 33/40 MP: 3/3
  2013 | D:3      | Found a glowing drain.
  2110 | Sewer    | Entered a sewer
  2372 | Sewer    | Noticed a crocodile
  2383 | Sewer    | Killed a crocodile
  2383 | Sewer    | Reached skill level 5 in Armour
  2383 | Sewer    | Reached skill level 5 in Shields
  2383 | Sewer    | Reached XP level 5. HP: 35/47 MP: 4/4
  2671 | D:3      | Reached skill level 1 in Dodging
  3437 | D:4      | Reached XP level 6. HP: 34/53 MP: 5/5
  3819 | D:4      | Found a bloodstained altar of Trog.
  4029 | D:4      | Found Zoatoitz's Antique Armour Shoppe.
  4317 | D:4      | Found a staircase to the Ecumenical Temple.
  4367 | D:4      | Reached skill level 5 in Maces & Flails
  4367 | D:4      | Reached XP level 7. HP: 26/60 MP: 6/6
  4383 | D:4      | Reached skill level 5 in Fighting
  4547 | Temple   | Entered the Ecumenical Temple
  4623 | Temple   | Became a worshipper of Warmaster Okawaru
  4694 | D:5      | Entered Level 5 of the Dungeon
  5323 | D:5      | Found Ohuamp's Antique Armour Emporium.
  5525 | D:5      | HP: 3/61 [something (11)]
  5528 | D:5      | HP: 1/61 [something (2)]
  5540 | D:5      | Engulfed by a cloud of freezing vapour

Levels and vault maps discovered:
D:1:      sevenhm_arrival_forest_fort_small_3, layout_basic, minmay_pentomino_z4
D:2:      layout_basic
D:3:      layout_rooms, first_ration, cheibrodos_sewer_entry_sluice
D:4:      layout_rooms, minmay_temple_entry_nine_rooms, serial_shops,
          kennysheep_little_box, bloody_trog
D:5:      lemuel_ice_spiral_2, layout_basic, serial_shops, kennysheep_mini
Temple:   compressed_dpeg_triangle_lava_temple

Skill      XL: |  1  2  3  4  5  6  7 |
---------------+----------------------+-----
Fighting       | 4 5 |  5.3
Armour         | 4 5 6 |  6.3
Shields        | 4 5 6 |  6.1
Maces & Flails | 3 4 5 |  5.7
Dodging        | 1 2 |  2.2

Action                   |  1- 3 |  4- 6 |  7- 9 || total
-------------------------+-------+-------+-------++-------
Melee: Flail             |    20 |       |       ||    20
       Headbutt          |    16 |    42 |    17 ||    75
       Whip              |   108 |   232 |    72 ||   412
  Use: Scroll            |       |    10 |     1 ||    11
       Potion            |       |     2 |       ||     2
  Eat: Chunk             |     2 |     9 |     4 ||    15
Armor: Scale mail        |    36 |    71 |    15 ||   122
       Chain mail        |       |       |    16 ||    16
Dodge: Dodged            |    23 |    57 |    21 ||   101
Block: Shield            |    66 |   105 |    27 ||   198
